Lanneth, lawful female dwarven Valkyrie ---------- #.........| -------- --- ###|<.......| ...... .| # #---------- ------------.....- ----- -.| ### |(+!|...|%%|.....| |(((| |.| # |.)/|...|%!|.....| |(((| |.| ### |%!!|...|..|.....+ ... |.| # |..@|...|-|-.....-----|---+--.| ##### | ---|---|-.....................| # |.............{......{..........|### | --|--|---....-|----...........|# |xx@|.. ----.| |.----|----.%# |@((|...| |.| |.| |.. |.| |m((|...| |.| |.| |....|.| |(((|...| +.| |.+ |....|.| | ------------.------.---------.| |...............................| --------------------------------- Lanneth the Skirmisher Experience level: 5 Strength: 17 Dexterity: 16 Constitution: 18 Intelligence: 9 Wisdom: 8 Charisma: 7 Health: 0(59) Energy: 9(9) AC: 2 Gold: 259 Moves: 1796 Your Inventory: Coins $ - 259 gold pieces Weapons a - an uncursed +1 long sword (weapon in hand) b - 3 uncursed +0 daggers (in quiver) h - an uncursed [+0] orcish dagger Armor c - an uncursed +3 small shield (being worn) i - an uncursed +0 orcish helm (being worn) s - an [uncursed] +0 studded leather armor (being worn) Comestibles e - an uncursed lembas wafer f - 2 uncursed slime molds j - an [uncursed] tripe ration r - an [uncursed] food ration Spellbooks n - a [cursed] red spellbook [of create monster] Potions l - an [uncursed] clear potion [of water] q - an [uncursed] emerald potion [of gain energy] Rings g - an uncursed plain ring [of polymorph control] Gems o - an [uncursed] red gem [worthless glass] Spells known in the end: Name Level Category Fail Memory Your skills at the end: Fighting Skills Weapon Skills dagger [Basic / Expert] long sword [Basic / Expert] Spellcasting Skills Final Attributes: You were devoutly aligned. Hunger level was 741. Your alignment was 18 / 18. Monster difficulty range was 1 - 5. Level difficulty was 6. You were immune to cold. You had infravision. You were stealthy. You were held by a giant mimic. Your luck was zero. You are dead. Vanquished creatures: a little dog 2 giant bats an acid blob 2 hobbits a hobgoblin a red mold a gnome a gnome zombie 3 geckos 5 jackals 2 foxes 2 kobolds 2 goblins 4 grid bugs 2 bats a lichen a newt 32 creatures vanquished. Voluntary challenges: You used a wielded weapon 28 times. You read items or engraved 1 time. You put on armor 3 times. You never genocided any monsters. You never polymorphed an object. You never changed form. You used no wishes. You never wrote Elbereth's name. You encountered 1 bones level. You never used any Sokoban shortcuts. Dungeon overview: The Dungeons of Doom: levels 1 to 3 Level 1 an altar to Tyr a long staircase Level 2 some fountains stairs to The Gnomish Mines The Gnomish Mines: levels 3 to 6 Level 3 stairs to The Dungeons of Doom Level 6 <- You were here many shops, some fountains History has recorded: On T:1 you entered the Dungeons of Doom to retrieve the Amulet of Yendor! On T:352 you reached level 2 of The Dungeons of Doom. On T:428 you advanced to experience level 2. On T:519 you advanced to experience level 3. On T:994 you reached level 3 of The Dungeons of Doom. On T:1021 you advanced to experience level 4. On T:1033 you reached level 1 of The Gnomish Mines. On T:1609 you reached level 2 of The Gnomish Mines. On T:1618 you advanced to experience level 5. On T:1675 you reached level 3 of The Gnomish Mines. On T:1680 you reached level 4 of The Gnomish Mines. Latest messages: You cannot escape from the giant mimic! The giant mimic hits! (2x) [HP-17=39] Never mind. You cannot escape from the giant mimic! (3x) [HP+1=40] You cannot escape from the giant mimic! The giant mimic hits! (2x) [HP-21=19] You cannot escape from the giant mimic! The grid bug misses. You cannot escape from the giant mimic! The grid bug bites! You get zapped! [HP-1=18] You hit the giant mimic! The grid bug bites! You cannot escape from the giant mimic! The giant mimic hits! (2x) You die... Yawolloh gratefully inherits all your possessions. Angmagssalik looks at your corpse and sighs. Final status: Farvel Lanneth the Valkyrie... You died in The Gnomish Mines on dungeon level 6 with 1068 points, and 259 pieces of gold, after 1796 moves. You were level 5 with a maximum of 59 hit points when you died.